 Dungeon Crawl Stone Soup version 0.29.1-15-g9cfb28693d (webtiles) character file.

Game seed: 13250149804468468010

43 growler the Slasher (level 3, 0/27 HPs)
             Began as a Demonspawn Gladiator on Mar 13, 2023.
             Slain by a quokka (1 damage)
             ... on level 2 of the Dungeon.
             The game lasted 00:01:25 (1107 turns).

growler the Slasher (Demonspawn Gladiator)          Turns: 1107, Time: 00:01:26

Health: 0/27       AC:  4    Str: 12 (14) XL:     3   Next: 37%
Magic:  3/3        EV: 12    Int:  9 (11) God:
Gold:   129        SH:  0    Dex: 13 (14) Spells: 2/2 levels left

rFire   . . .      SeeInvis .   a - +0 long sword
rCold   . . .      Faith    .   (no shield)
rNeg    . . .      Spirit   .   b - +0 leather armour
rPois   .          Reflect  .   c - +0 helmet
rElec   .          Harm     .   (no cloak)
rCorr   .          Rampage  .   (no gloves)
Will    .....                   (no boots)
Stlth   +.........              (no amulet)
HPRegen 0.09/turn               (no ring)
MPRegen 0.08/turn               (no ring)

@: lethally poisoned (0 -> -6)
A: powered by death 1, demonic touch 1
a: no special abilities


You were on level 2 of the Dungeon.
You visited 1 branch of the dungeon, and saw 2 of its levels.

You collected 129 gold pieces.

Inventory:

Hand Weapons
 a - a +0 long sword (weapon)
Missiles
 d - 3 throwing nets (quivered)
 e - a javelin
Armour
 b - a +0 leather armour (worn)
 c - a +0 helmet (worn)
Jewellery
 i - a +6 ring of intelligence
Scrolls
 f - 2 scrolls of teleportation {unknown}
 g - 2 scrolls of identify {unknown}
 h - a scroll of enchant armour {unknown}


   Skills:
 - Level 2.0 Fighting
 + Level 4.1 Long Blades
 - Level 1.7 Throwing
 - Level 2.6 Dodging


You had 2 spell levels left.
You didn't know any spells.
Your spell library was empty.

Dungeon Overview and Level Annotations

Branches:
Dungeon (2/15)

Altars:


Innate Abilities, Weirdness & Mutations

You regenerate a little health from kills.
Your touch may inflict minor irresistible damage on your foes.


Message History

The adder is moderately wounded.
You feel sick. The adder bites you. The adder closely misses you.
You closely miss the adder. You punch the adder.
The adder is heavily wounded.
You feel sick. The adder bites you but does no damage.
You miss the adder. Your touch misses the adder.
The adder is heavily wounded.
You feel sick.
You are no longer poisoned.
The adder completely misses you.
The quokka bites you but does no damage.
The adder closely misses you. The quokka bites you.
You miss the adder.
The adder is heavily wounded.
The adder closely misses you. The quokka barely misses you.
You closely miss the adder.
The adder is heavily wounded.
The adder barely misses you. The quokka bites you. The adder bites you.
You are poisoned.
The adder poisons you! The quokka bites you.
You hit the adder but do no damage.
The adder is heavily wounded.
You feel sick. The adder bites you.
* * * LOW HITPOINT WARNING * * *
You are lethally poisoned!
The adder poisons you! The quokka bites you.
* * * LOW HITPOINT WARNING * * *
The adder bites you but does no damage.
It was a potion of degeneration.
There was something very wrong with that liquid.
You feel weakened.
You feel dopey.
You feel clumsy.
* * * LOW HITPOINT WARNING * * *
You feel sick. The quokka bites you.
* * * LOW HITPOINT WARNING * * *
The adder closely misses you.
You closely miss the adder.
The adder is heavily wounded.
* * * LOW HITPOINT WARNING * * *
You feel sick. The quokka bites you.
You die...

#........ #.....#
##########.########
..#.....##.#.......
#.#.#............†.
#.#.#.####...######
#.#.#.# #...#
##.#?..# #...######
#.S@#...#
#.........
#....r........#.###
#.
#$#.#.#.#.####.#.#
##. #. .#.#.#.#
....####.. #. .#.#
#.## #.#....... #.
.#.# #. #.####.. .
.# ## ##. .# #. #.


You could see an adder and a quokka.

Vanquished Creatures
  An adder (D:2)
  3 dart slugs (D:1)
  2 ball pythons (D:1)
  2 bats
  6 endoplasms
  A giant cockroach (D:1)
  A hobgoblin (D:2)
  4 jackals (D:1)
  A kobold (D:1)
  2 goblins (D:1)
  2 rats
25 creatures vanquished.

Notes
Turn   | Place    | Note
-------+----------+-------------------------------------------
     0 | D:1      | growler the Demonspawn Gladiator began the quest for the
                  | Orb.
     0 | D:1      | Reached XP level 1. HP: 16/16 MP: 1/1
   126 | D:1      | Reached skill level 3 in Long Blades
   364 | D:1      | Gained mutation: You regenerate a little health from kills.
                  | [demonic ancestry]
   364 | D:1      | Reached XP level 2. HP: 22/22 MP: 2/2
   590 | D:1      | Found a faded altar of an unknown god.
   867 | D:1      | Gained mutation: Your touch may inflict minor irresistible
                  | damage on your foes. [demonic ancestry]
   867 | D:1      | Reached XP level 3. HP: 19/27 MP: 3/3
  1072 | D:2      | Reached skill level 4 in Long Blades
  1107 | D:2      | HP: 1/27 [poisoned by an adder]
  1107 | D:2      | Slain by a quokka

Illustrated notes

Levels and vault maps discovered:
D:1:      dpeg_arrival_tiny_d, layout_rooms, dreamdust_ecumenical_altar_statues
D:2:      layout_loops_ring, minivault_23

Skill      XL: |  1  2  3 |
---------------+----------+-----
Long Blades    | 3 4 |  4.1
Fighting       | |  2.0
Throwing       | |  1.7
Dodging        | |  2.6

Action                   || total
-------------------------++-------
Melee: Long sword        ||    59
       Touch             ||     2
       Punch             ||     1
  Use: Potion            ||     1
 Stab: Sleeping          ||     1
Armor: Leather armour    ||    15
Dodge: Dodged            ||    36
